 Dungeon Crawl Stone Soup version 0.27-a0-1188-g73eefd5def (webtiles) character file.

Game seed: 8753903028588512149

1922 st0uf the Cruncher (level 9, 0/52 HPs)
             Began as a Gargoyle Gladiator on May 20, 2021.
             Was a Priest of Sif Muna.
             Engulfed by a cloud of steam (8 damage)
             ... on level 6 of the Dungeon.
             The game lasted 00:15:34 (6248 turns).

st0uf the Cruncher (Gargoyle Gladiator)             Turns: 6248, Time: 00:15:34

Health: 0/52       AC: 17    Str: 25    XL:     9   Next: 17%
Magic:  9/14       EV: 11    Int: 11    God:    Sif Muna [***...]
Gold:   329        SH:  0    Dex: 11    Spells: 12/15 levels left

rFire    . . .     SeeInvis .   a - +0 quarterstaff
rCold    + . .     Faith    .   (shield currently unavailable)
rNeg     + . .     Spirit   .   e - +0 ring mail
rPois    ∞         Reflect  .   c - +0 helmet
rElec    +         Harm     .   l - +0 cloak
rCorr    .         Rampage  .   i - +2 pair of gloves
Will     .....                  (no boots)
Stlth    +.........             (no amulet)
HPRegen  0.17/turn              w - +6 ring of strength
MPRegen  0.14/turn              q - ring of protection from cold

@: no status effects
A: sickness immunity, AC +6, negative energy resistance 1, electricity
resistance, torment resistance 1, petrification resistance
a: Renounce Religion, Channel Magic, Forget Spell


You were on level 6 of the Dungeon.
You worshipped Sif Muna.
Sif Muna was most pleased with you.
You visited 1 branch of the dungeon, and saw 7 of its levels.

You collected 329 gold pieces.

Inventory:

Hand Weapons
 a - a +0 quarterstaff (weapon)
Missiles
 d - 3 throwing nets
 g - 32 poisoned darts (quivered)
 o - 14 atropa-tipped darts
Armour
 b - a +0 leather armour
 c - a +0 helmet (worn)
 e - a +0 ring mail (worn)
 i - a +2 pair of gloves (worn)
 l - a +0 cloak (worn)
Magical Staves
 f - a staff of poison
Jewellery
 q - a ring of protection from cold (right hand)
 w - a +6 ring of strength (left hand)
 y - a ring of protection from fire
Scrolls
 h - 7 scrolls of identify {unknown}
 k - a scroll of blinking {unknown}
 m - a scroll of teleportation {unknown}
 s - a scroll of enchant armour {unknown}
 t - 2 scrolls of noise {unknown}
 u - 2 scrolls of amnesia {unknown}
 x - 3 scrolls of magic mapping {unknown}
 A - a scroll of vulnerability {unknown}
Potions
 j - a potion of curing {unknown}
 n - a potion of degeneration {unknown}
 p - a potion of ambrosia {unknown}
 r - a potion of magic {unknown}
 v - a potion of haste {unknown}
 z - 2 potions of attraction {unknown}


   Skills:
 + Level 4.3 Fighting
 + Level 8.1 Staves
 + Level 3.6 Throwing
 + Level 3.8 Armour
 - Level 2.4 Dodging
 + Level 1.0 Stealth
 * Level 3.8 Spellcasting
 * Level 4.5 Conjurations


You had 12 spell levels left.
You knew the following spells:

 Your Spells              Type           Power      Damage    Failure   Level
a - Magic Dart            Conj           48%        1d5       5%          1
b - Searing Ray           Conj           24%        3d4       9%          2

Your spell library contained the following spells:

 Spells                   Type           Power      Damage    Failure   Level
 Dazzling Flash           Conj/Hex       14%        N/A       41%         3
 Fulminant Prism          Conj/Hex       3%         3d6       82%         4
 Iskenderun's Mystic Bla  Conj/Tloc      7%         2d4       82%         4


Dungeon Overview and Level Annotations

Branches:
Dungeon (7/15)             Temple (0/1) D:4

Altars:
Gozag
Sif Muna
Xom

Shops:
D:1 (:   D:2 *(?   D:7 [


Innate Abilities, Weirdness & Mutations

You are immune to sickness and miasma.
Your stone body is resilient. (AC +6)
You are immune to poison.
You resist negative energy. (rN+)
You are resistant to electric shocks. (rElec)
You are resistant to unholy torment.
You are immune to petrification.


Message History

There is a stone staircase leading down here.
You hit the steam dragon but do no damage.
The steam dragon breathes steam at you. The ball of steam hits you!!
* * * LOW HITPOINT WARNING * * *
The steam dragon closely misses you.
The steam dragon claws you but does no damage.
The steam dragon closely misses you. The steam dragon claws you.
* * * LOW HITPOINT WARNING * * *
You sock the steam dragon!
The steam dragon is moderately wounded.
The steam dragon barely misses you.
The steam dragon claws you but does no damage.
Forget Searing Ray, freeing 2 spell levels for a total of 14?
Okay, then.
Casting: Searing Ray (safe; 9% risk of failure)
Confirm with . or Enter, or press ? or * to list all spells.
Aiming: Searing Ray (safe; 9% risk of failure)
Press: ? - help, Shift-Dir - straight line, f - steam dragon
Aim: a steam dragon (moderately wounded, catching its breath, 76% to hit)
The searing ray hits the steam dragon.
The steam dragon is heavily wounded. (Press . to maintain the ray.)
The steam dragon completely misses you. The steam dragon claws you.
* * * LOW HITPOINT WARNING * * *
The searing ray hits the steam dragon.
The steam dragon is severely wounded.
The steam dragon breathes steam at you. The ball of steam misses you.
The searing ray hits the steam dragon!
The steam dragon is almost dead.
You are engulfed in a cloud of scalding steam.
The steam dragon bites you but does no damage.
The steam dragon barely misses you.
The searing ray hits the steam dragon!
You kill the steam dragon!
Sif Muna accepts your kill.
You finish channeling your searing ray.
You are engulfed in a cloud of scalding steam.
You die...

...<.......##.....#....####.....#
.)......##.##..#.....##..........
.................#......##.......
............##...................
#.....#.###....##...........†...#
...###..# #.##.................##
##.....####.###...........#######
##.######...###§§.§.......#......
...## ##.....§§.@§§..§....#......
....###.....§.§§§§........#......
.................................
....##..........#.........#......
................#.........#......
....#...........#...>.....#......
....#............................
###............###...............
....##.........# #...............


There were no monsters in sight!

Vanquished Creatures
  2 centaur zombies (D:6)
  A steam dragon (D:6)
  Edmund (D:5)
  A black bear (D:5)
  A necrophage (D:7)
  3 ogres
  A phantom (D:5)
  A water moccasin zombie (D:5)
  A wyvern zombie (D:6)
  2 scorpions
  A howler monkey (D:5)
  4 hounds
  4 orc priests
  A centaur skeleton (D:4)
  2 bullfrog skeletons
  2 orc wizards (D:7)
  3 iguanas
  A killer bee zombie (D:7)
  A hound skeleton (D:5)
  8 adders
  A white imp (D:5)
  A dart slug (D:1)
  18 orcs
  10 ball pythons
  5 bats
  5 endoplasms
  2 giant cockroaches
  7 goblins
  5 hobgoblins
  4 jackals (D:3)
  4 kobolds
  3 quokkas
  2 frilled lizards
  8 rats
116 creatures vanquished.

Notes
Turn   | Place    | Note
-------+----------+-------------------------------------------
     0 | D:1      | st0uf the Gargoyle Gladiator began the quest for the Orb.
     0 | D:1      | Reached XP level 1. HP: 12/12 MP: 1/1
     1 | D:1      | Found Mal Muc's Book Shop.
    97 | D:1      | Found a faded altar of an unknown god.
   110 | D:1      | Became a worshipper of Sif Muna the Loreminder
   110 | D:1      | Reached * piety under Sif Muna
   118 | D:1      | Found Maohanao's Antique Weapon Shop.
   154 | D:1      | Reached XP level 2. HP: 6/17 MP: 2/2
   962 | D:2      | Reached XP level 3. HP: 22/22 MP: 3/3
   983 | D:2      | Reached skill level 1 in Armour
   993 | D:2      | Found an opulent altar of Gozag.
  1211 | D:2      | Reached ** piety under Sif Muna
  1212 | D:2      | Reached skill level 4 in Staves
  1364 | D:2      | Found Zuse Qio's Antique Weapon Shoppe.
  1394 | D:2      | Found Urydd's General Store.
  1501 | D:2      | Reached XP level 4. HP: 27/27 MP: 4/4
  1559 | D:2      | Learned a level 1 spell: Magic Dart
  1712 | D:2      | Found Lokewint's Magic Scroll Shop.
  2893 | D:4      | Reached XP level 5. HP: 15/32 MP: 5/5
  2899 | D:4      | Reached skill level 1 in Conjurations
  3251 | D:4      | Noticed an ogre
  3285 | D:3      | Killed an ogre
  3286 | D:3      | Reached skill level 5 in Staves
  3286 | D:3      | Reached skill level 1 in Spellcasting
  3286 | D:3      | Reached XP level 6. HP: 37/37 MP: 6/8
  3672 | D:4      | Found a staircase to the Ecumenical Temple.
  3832 | D:5      | Entered Level 5 of the Dungeon
  3894 | D:4      | Reached XP level 7. HP: 14/41 MP: 8/10
  4121 | D:4      | Reached skill level 6 in Staves
  4586 | D:5      | Noticed Edmund
  4623 | D:5      | Killed Edmund
  4812 | D:5      | Reached *** piety under Sif Muna
  4813 | D:5      | Reached XP level 8. HP: 48/48 MP: 11/11
  4983 | D:5      | Reached skill level 7 in Staves
  5139 | D:5      | Found a shimmering altar of Xom.
  5596 | D:6      | Reached XP level 9. HP: 52/52 MP: 14/14
  5633 | D:6      | Learned a level 2 spell: Searing Ray
  5939 | D:7      | Found Wokuorun's Armour Boutique.
  6141 | D:7      | Reached skill level 8 in Staves
  6141 | D:7      | Reached skill level 1 in Stealth
  6248 | D:6      | Engulfed by a cloud of steam

Illustrated notes

Levels and vault maps discovered:
D:1:      nagdon_arrival_double_spiral, layout_loops_ring, serial_shops,
          nicolae_shop_stone, nicolae_shop_stone,
          chequers_ecumenical_altar_simple
D:2:      layout_loops_ring, basic_altar, serial_shops, shop,
          nicolae_shop_trees, nicolae_shop_overgrown_old_shop, serial_glass,
          glass_columns_a, glass_columns_c, minmay_strange_pillars,
          feat_on_display
D:3:      layout_basic
D:4:      layout_gridville, minmay_temple_entry_trees
D:5:      layout_cave_pods, tgw_xom, uniq_edmund
D:6:      layout_rooms
D:7:      layout_basic, serial_shops, shop

Skill      XL: |  1  2  3  4  5  6  7  8  9 |
---------------+----------------------------+-----
Throwing       | 2 3 |  3.6
Armour         | 1 2 3 |  3.8
Staves         | 4 5 6 7 8 |  8.1
Fighting       | 3 4 |  4.3
Conjurations   | 1 2 4 |  4.5
Spellcasting   | 1 2 3 |  3.8
Stealth        | 1 |  1.0
Dodging        | |  2.4

Action                   |  1- 3 |  4- 6 |  7- 9 || total
-------------------------+-------+-------+-------++-------
Melee: Quarterstaff      |    71 |   128 |   173 ||   372
Throw: Dart              |       |    15 |    28 ||    43
 Cast: Magic Dart        |       |       |     4 ||     4
       Searing Ray       |       |       |     2 ||     2
Armor: Ring mail         |    32 |    72 |   132 ||   236
Dodge: Dodged            |    52 |    83 |   131 ||   266

Table legend: (Time is in decaauts)
 A = Elapsed time spent in this place.
 B = Non-inter-level travel time spent in this place.
 C = Inter-level travel time spent in this place.
 D = Time resting spent in this place.
 E = Time spent auto-exploring this place.
 F = Levels seen in this place.
 G = Mean time per level.
                   A        B        C        D        E       F      G
               +--------+--------+--------+--------+--------+-----+--------+
         Total |   6262 |   6082 |    180 |    805 |   4074 |   7 |  894.6 |
       Dungeon |   6262 |   6082 |    180 |    805 |   4074 |   7 |  894.6 |
               +--------+--------+--------+--------+--------+-----+--------+

Top non-repeatable levels by time:
     D:5: 1346 daAuts
     D:3: 1247 daAuts
     D:4: 1071 daAuts
     D:1: 961 daAuts
     D:2: 838 daAuts
     D:6: 522 daAuts
     D:7: 274 daAuts
